[Event "Titled Tuesday Blitz June 6 Early 2023"]
[White "Grunberg, Mihai-Lucian"]
[Black "Chernobay, Artem"]
[WhiteFideId "1204149"]
[BlackFideId "4167406"]
[WhiteElo "2363"]
[BlackElo "2474"]
[Result "1-0"]
[Round "3"]
[TimeControl "180+2"]
[Date "2023.06.06"]
[WhiteClock "0:00:29"]
[BlackClock "0:00:03"]
[Board "84"]

1. Nf3 Nf6 2. g3 g6 3. Bg2 Bg7 4. O-O O-O 5. c4 d6 6. d4 c6 7. Nc3 Bf5 8. b3 Ne4 9. Bb2 Nxc3 10. Bxc3 Be4 11. e3 d5 12. Bh3 e6 13. Qe2 h5 14. Nd2 Bf5 15. Bg2 a5 16. h3 Qg5 17. Kh2 Nd7 18. f3 e5 19. dxe5 Qe7 20. f4 dxc4 21. Nxc4 f6 22. e4 Be6 23. f5 gxf5 24. exf5 Bd5 25. e6 h4 26. gxh4 Bxc4 27. Qxc4 Ne5 28. Bxe5 fxe5 29. Qg4 Rf6 30. Rg1 Raf8 31. Be4 Kh8 32. Rg2 Rh6 33. Rag1 Bf6 34. h5 Qh7 35. Bf3 Qe7 36. Qe4 Rh7 37. Rg6 Bg7 38. Rxg7 Rxg7 39. Qxe5 Qf6 40. Qxf6 Rxf6 41. Rxg7 Kxg7 42. e7 Kf7 43. Be4 Kxe7 44. Kg3 Rd6 45. Kf4 Kf6 46. h6 Rd7 47. Kg4 Rd4 48. Kf4 Rd8 49. Kg4 Rg8+ 50. Kh5 Rg5+ 51. Kh4 Rg8 52. Kh5 Rg3 53. h4 Re3 54. h7 Kg7 55. f6+ Kh8 56. f7 1-0


[Site "https://www.chess.com"]

[Event "Titled Tuesday Blitz June 6 Early 2023"]
[White "Rodriguez, Santiago"]
[Black "Gubajdullin, Alexei"]
[WhiteFideId "3000591"]
[BlackFideId "4141202"]
[WhiteElo "2249"]
[BlackElo "2279"]
[Result "0-1"]
[Round "3"]
[TimeControl "180+2"]
[Date "2023.06.06"]
[WhiteClock "0:01:06"]
[BlackClock "0:01:12"]
[Board "85"]

1. d4 Nf6 2. Bg5 e6 3. e4 h6 4. Bxf6 Qxf6 5. c3 d6 6. Bd3 Nc6 7. Ne2 Bd7 8. O-O g5 9. f4 gxf4 10. Nxf4 Qg5 11. b4 O-O-O 12. b5 Ne7 13. Nh5 f5 14. exf5 Nxf5 15. Bxf5 exf5 16. a4 d5 17. Qf3 Bd6 18. Na3 f4 19. Nxf4 Rdf8 20. g3 Rxf4 21. Qxf4 Bxf4 22. Rxf4 h5 23. Raf1 Bh3 24. Re1 h4 25. Re5 Qg6 26. Kf2 hxg3+ 27. hxg3 Qd3 28. Re3 Qd2+ 29. Re2 Qxc3 30. Nc2 Bg4 31. Rxg4 Rh2+ 32. Kf1 Qf3+ 0-1


[Site "https://www.chess.com"]

[Event "Titled Tuesday Blitz June 6 Early 2023"]
[White "Domingo Nunez, Alejandro"]
[Black "Ramirez Vido, Robert Yorisan"]
[WhiteFideId "22245561"]
[BlackFideId "3513823"]
[WhiteElo "2291"]
[BlackElo "2448"]
[Result "1-0"]
[Round "3"]
[TimeControl "180+2"]
[Date "2023.06.06"]
[WhiteClock "0:00:05"]
[BlackClock "0:00:01"]
[Board "86"]

1. Nf3 g6 2. g3 Nf6 3. b3 Bg7 4. Bb2 O-O 5. Bg2 d6 6. d4 c5 7. O-O cxd4 8. Nxd4 Qb6 9. c4 Nc6 10. Nc2 Bf5 11. Nc3 Bxc2 12. Qxc2 Rac8 13. Rfd1 Rfd8 14. e3 Ne5 15. Qe2 h5 16. h3 Ned7 17. Rac1 Nc5 18. e4 a6 19. Re1 Ne6 20. Rcd1 Qa5 21. Nd5 Nxd5 22. exd5 Nf8 23. Bxg7 Kxg7 24. Qb2+ Kg8 25. Rxe7 Rc7 26. Rde1 Rxe7 27. Rxe7 Rd7 28. Re8 Rd8 29. Re2 Qc7 30. Qf6 Rd7 31. Re8 Qa5 32. Be4 Qe1+ 33. Kg2 Qe2 34. Qf4 Rc7 35. Qxd6 1-0


[Site "https://www.chess.com"]

[Event "Titled Tuesday Blitz June 6 Early 2023"]
[White "Garcia Jimenez, Francisco Javier"]
[Black "Fiorito, Joaquin"]
[WhiteFideId "2231590"]
[BlackFideId "180173"]
[WhiteElo "2246"]
[BlackElo "2199"]
[Result "0-1"]
[Round "3"]
[TimeControl "180+2"]
[Date "2023.06.06"]
[WhiteClock "0:01:24"]
[BlackClock "0:01:14"]
[Board "87"]

1. e4 c6 2. Nf3 d5 3. exd5 cxd5 4. Ne5 Nf6 5. d4 Nc6 6. f4 a6 7. c3 Bf5 8. Bd3 Bxd3 9. Qxd3 e6 10. Nd2 Bd6 11. O-O O-O 12. b3 Rc8 13. Bb2 b5 14. Rae1 Ne7 15. Rf3 Ng6 16. f5 exf5 17. Rxf5 Re8 18. Ndf3 Re7 19. h4 Ne4 20. h5 Nxe5 21. Nxe5 Bxe5 22. dxe5 Qb6+ 23. Kh2 g6 24. hxg6 hxg6 25. Rf6 Nxf6 26. exf6 Rxe1 27. c4 Qg1+ 0-1


[Site "https://www.chess.com"]

[Event "Titled Tuesday Blitz June 6 Early 2023"]
[White "Goroshkov, Maksym"]
[Black "Nemec, Jachym"]
[WhiteFideId "14142716"]
[BlackFideId "23716525"]
[WhiteElo "2322"]
[BlackElo "2347"]
[Result "0-1"]
[Round "3"]
[TimeControl "180+2"]
[Date "2023.06.06"]
[WhiteClock "0:00:02"]
[BlackClock "0:00:54"]
[Board "88"]

1. e4 c5 2. b4 d5 3. exd5 Qxd5 4. Nf3 cxb4 5. a3 e6 6. axb4 Bxb4 7. c3 Be7 8. c4 Qd8 9. Bb2 Bf6 10. Nc3 Ne7 11. d4 O-O 12. Bd3 Nbc6 13. Ne2 Nf5 14. Bxf5 exf5 15. O-O Re8 16. Qc2 a5 17. d5 Nb4 18. Qd2 Bd7 19. Ned4 b6 20. Rfe1 Na6 21. Rxe8+ Qxe8 22. Re1 Qf8 23. Nc6 Qd6 24. Nfe5 Bxc6 25. Nxc6 Nc5 26. Bxf6 Qxf6 27. f3 a4 28. d6 h6 29. d7 Qxc6 30. d8=R+ Rxd8 31. Qxd8+ Kh7 32. Re8 a3 33. Qa8 Qd7 34. Rh8+ Kg6 35. Qxa3 Qd1+ 36. Kf2 Qd2+ 37. Kg3 Qe1+ 38. Kh3 Ne6 39. Qd6 Qf2 40. Qg3+ Ng5+ 41. Kh4 Qd4+ 42. f4 Qd1 43. Qxg5+ hxg5+ 0-1


[Site "https://www.chess.com"]

[Event "Titled Tuesday Blitz June 6 Early 2023"]
[White "Hristodoulou, Panagiotis"]
[Black "Perez, Maximiliano"]
[WhiteFideId "4214340"]
[BlackFideId "117234"]
[WhiteElo "2272"]
[BlackElo "2334"]
[Result "1-0"]
[Round "3"]
[TimeControl "180+2"]
[Date "2023.06.06"]
[WhiteClock "0:00:09"]
[BlackClock "0:00:04"]
[Board "89"]

1. e4 c5 2. Nf3 Nc6 3. d4 cxd4 4. Nxd4 e5 5. Nb5 d6 6. c4 g6 7. Bd3 Nf6 8. O-O Bg7 9. Bc2 Bf8 10. Bg5 a6 11. N5c3 h6 12. Be3 Bg7 13. Nd5 O-O 14. Nxf6+ Qxf6 15. Nc3 Be6 16. b3 Nd4 17. Rc1 Qd8 18. Bd3 Qa5 19. Qd2 Kh7 20. Ne2 Qxd2 21. Bxd2 Nxe2+ 22. Bxe2 f5 23. Bb4 Rfd8 24. Rfd1 Bf8 25. Bf3 Rab8 26. exf5 gxf5 27. Bd5 Bc8 28. a4 b6 29. Rd3 a5 30. Ba3 e4 31. Rdd1 Bg7 32. Rc2 Be5 33. Re2 Kg6 34. f3 exf3 35. Bxf3 Be6 36. Red2 Rd7 37. Bc6 Rc7 38. Bb5 Kf6 39. Bxd6 Bxd6 40. Rxd6 Ke5 41. R6d2 Kf6 42. Re1 Re7 43. Rd6 Kf7 44. Bc6 Bc8 45. Bd5+ Kf8 46. Rf6+ Kg7 47. Rxe7+ Kxf6 48. Re8 f4 49. Kf2 h5 50. h3 h4 51. Ke1 f3 52. gxf3 Kg7 53. Kf2 Kf6 54. f4 Kf5 55. Ke3 Kf6 56. Kd4 Kf5 57. Ke3 Kf6 58. Rh8 Kg6 59. Rd8 Kf6 60. Bf3 Ke7 61. Rh8 Kd6 62. Bg4 Bxg4 63. Rxb8 Bxh3 64. Rxb6+ Ke7 65. Rh6 Bg4 66. Rxh4 Bd1 67. Kd4 Bxb3 68. Rh5 Bxa4 69. Rxa5 Bc6 70. Ke5 Bf3 71. Ra7+ Kf8 72. c5 Ke8 73. f5 Kd8 74. f6 Bh5 75. Kd6 Ke8 76. c6 Bg4 77. f7+ Kf8 78. c7 Kg7 79. Ke7 1-0


[Site "https://www.chess.com"]

[Event "Titled Tuesday Blitz June 6 Early 2023"]
[White "Girya, Olga"]
[Black "Herman, Daniel"]
[WhiteFideId "4195752"]
[BlackFideId "30935008"]
[WhiteElo "2263"]
[BlackElo "1897"]
[Result "1-0"]
[Round "3"]
[TimeControl "180+2"]
[Date "2023.06.06"]
[WhiteClock "0:00:16"]
[BlackClock "0:00:13"]
[Board "90"]

1. d4 Nf6 2. Nf3 g6 3. Bg5 Ne4 4. Bf4 Bg7 5. Nbd2 d5 6. e3 c5 7. c3 Nc6 8. Nxe4 dxe4 9. Nd2 cxd4 10. cxd4 Bf5 11. Bb5 O-O 12. Bxc6 bxc6 13. O-O c5 14. dxc5 Bxb2 15. Rb1 Bc3 16. Nb3 Rc8 17. Qc2 Qd3 18. Rfc1 Bg7 19. c6 e5 20. Bg3 Rfd8 21. Qc5 Qd5 22. c7 Rd7 23. Qxa7 Rcxc7 24. Qxc7 Qd1+ 25. Rxd1 Rxd1+ 26. Rxd1 1-0


[Site "https://www.chess.com"]

[Event "Titled Tuesday Blitz June 6 Early 2023"]
[White "Aldokhin, Ivan"]
[Black "Kaplan, Avi Harrison"]
[WhiteFideId "24115720"]
[BlackFideId "30934559"]
[WhiteElo "2322"]
[BlackElo "1983"]
[Result "1-0"]
[Round "3"]
[TimeControl "180+2"]
[Date "2023.06.06"]
[WhiteClock "0:00:23"]
[BlackClock "0:01:16"]
[Board "91"]

1. e4 b5 2. Nf3 Bb7 3. d3 c5 4. a4 a6 5. g3 e6 6. Bg2 d5 7. exd5 Qxd5 8. Nc3 Qc6 9. Nh4 Qb6 10. axb5 Bxg2 11. Nxg2 Qb7 12. O-O Nf6 13. Ne3 h5 14. h4 Be7 15. Nc4 Nbd7 16. Na5 Qc7 17. Qf3 O-O 18. Nc6 Bd6 19. Rxa6 Rxa6 20. bxa6 Nb8 21. Nxb8 Rxb8 22. Bg5 Qa5 23. Bxf6 gxf6 24. Ne4 Be5 25. Nxf6+ Bxf6 26. Qxf6 Qxa6 27. Qg5+ Kf8 28. Qxc5+ Kg8 29. Qg5+ Kf8 30. Qxh5 Rb5 31. Qh8+ Ke7 32. b3 Qc6 33. Qb2 Qf3 34. Ra1 Rf5 35. Ra7+ Kf8 36. Qh8# 1-0


[Site "https://www.chess.com"]

[Event "Titled Tuesday Blitz June 6 Early 2023"]
[White "Bodnaruk, Anastasia"]
[Black "Buchenau, Frank"]
[WhiteFideId "4181751"]
[BlackFideId "4604350"]
[WhiteElo "2304"]
[BlackElo "2157"]
[Result "1-0"]
[Round "3"]
[TimeControl "180+2"]
[Date "2023.06.06"]
[WhiteClock "0:00:12"]
[BlackClock "0:00:03"]
[Board "92"]

1. e4 e6 2. d4 d5 3. e5 c5 4. c3 Qb6 5. Nf3 Bd7 6. Be2 cxd4 7. Nxd4 Bc5 8. O-O Ne7 9. Nb3 Bb5 10. Nxc5 Qxc5 11. Be3 Bxe2 12. Qxe2 Qc7 13. f4 O-O 14. Nd2 Nf5 15. Bf2 Nc6 16. Nf3 Rab8 17. g4 Nfe7 18. Rac1 Qa5 19. b4 Qa4 20. Nd4 Nxd4 21. Bxd4 Nc6 22. Bc5 Rfe8 23. Bd6 Rbd8 24. Rf2 a6 25. Qd3 Qb5 26. Rd1 Qxd3 27. Rxd3 f6 28. a4 Rd7 29. Re2 g5 30. fxg5 fxe5 31. Bxe5 Nxe5 32. Rxe5 Rd6 33. Kg2 Rc8 34. h4 Rc4 35. Kg3 Kf7 36. h5 Ke7 37. Rf3 Re4 38. Rxe4 dxe4 39. Re3 Rc6 40. Kf4 Rc4 41. Ke5 b5 42. axb5 axb5 43. g6 hxg6 44. hxg6 Rc8 45. Rh3 Rg8 46. Rh7+ Kf8 47. Kf6 e3 48. Ra7 Ke8 49. g7 e2 50. Ra1 Kd7 51. Re1 Kd6 52. Rxe2 Re8 53. Kf7 Re7+ 54. Kf6 Re8 55. Rd2+ Kc6 56. Kf7 Ra8 57. g8=Q Rxg8 58. Kxg8 1-0


[Site "https://www.chess.com"]

[Event "Titled Tuesday Blitz June 6 Early 2023"]
[White "Jiang, Brian"]
[Black "Turayev, Shahruh"]
[WhiteFideId "2627922"]
[BlackFideId "14003856"]
[WhiteElo "2436"]
[BlackElo "2113"]
[Result "1-0"]
[Round "3"]
[TimeControl "180+2"]
[Date "2023.06.06"]
[WhiteClock "0:00:17"]
[BlackClock "0:00:44"]
[Board "93"]

1. c4 e6 2. Nc3 d5 3. d4 a6 4. cxd5 exd5 5. Bf4 c6 6. e3 Bd6 7. Bxd6 Qxd6 8. Bd3 Ne7 9. Nf3 Bf5 10. Bxf5 Nxf5 11. Qb3 Qe7 12. a4 O-O 13. O-O Nd6 14. Ne5 Nd7 15. Nxd7 Qxd7 16. a5 f5 17. Na4 f4 18. Nb6 Qg4 19. f3 Qg5 20. Nxa8 Rxa8 21. e4 Kh8 22. Rae1 Nc4 23. Qxb7 Rf8 24. exd5 Ne3 25. Rf2 Qxd5 26. Qe7 Rb8 27. Qe5 Qd8 28. Qxf4 Nd5 29. Qe5 h6 30. Rfe2 Kh7 31. Qe4+ g6 32. Qe6 Qc7 33. h4 Rg8 34. Re5 Qxa5 35. Qxc6 Rd8 36. Re7+ Kh8 37. Qxg6 Nxe7 38. Rxe7 Qe1+ 39. Rxe1 1-0


[Site "https://www.chess.com"]

[Event "Titled Tuesday Blitz June 6 Early 2023"]
[White "Sielecki, Christof"]
[Black "Miszler, Levente"]
[WhiteFideId "4620437"]
[BlackFideId "763276"]
[WhiteElo "2443"]
[BlackElo "2176"]
[Result "1-0"]
[Round "3"]
[TimeControl "180+2"]
[Date "2023.06.06"]
[WhiteClock "0:01:48"]
[BlackClock "0:01:29"]
[Board "94"]

1. e4 c6 2. d4 d5 3. exd5 cxd5 4. Bd3 Nc6 5. c3 Nf6 6. h3 e6 7. Nf3 Qc7 8. O-O Be7 9. Qe2 Bd7 10. Ne5 O-O 11. Bf4 Bd6 12. Nd2 Rac8 13. Rae1 a6 14. Bg5 Ne8 15. Qh5 g6 16. Qe2 f6 17. Nxd7 Qxd7 18. Bh6 e5 19. Bxf8 Bxf8 20. dxe5 fxe5 21. Qg4 Qf7 22. Qxc8 Nd6 23. Qg4 e4 24. Bc2 Ne5 25. Qe2 Bh6 26. Nxe4 dxe4 27. Bxe4 1-0


[Site "https://www.chess.com"]

[Event "Titled Tuesday Blitz June 6 Early 2023"]
[White "Rangel, Daniel"]
[Black "Kvaloy, Aksel Bu"]
[WhiteFideId "2124475"]
[BlackFideId "1528815"]
[WhiteElo "2231"]
[BlackElo "2318"]
[Result "0-1"]
[Round "3"]
[TimeControl "180+2"]
[Date "2023.06.06"]
[WhiteClock "0:00:02"]
[BlackClock "0:00:10"]
[Board "95"]

1. c4 e5 2. Nc3 Nf6 3. e4 Bc5 4. d3 d6 5. Be2 Nc6 6. Nf3 Bg4 7. O-O Bxf3 8. Bxf3 a6 9. Be3 Nd4 10. g3 h5 11. h4 g6 12. Bg2 Ng4 13. Bg5 f6 14. Bd2 g5 15. hxg5 fxg5 16. Nd5 c6 17. Ne3 Qd7 18. b4 Ba7 19. a4 O-O-O 20. b5 Nxe3 21. Bxe3 h4 22. bxa6 hxg3 23. axb7+ Kxb7 24. fxg3 Qh7 25. Rf2 Qh2+ 26. Kf1 Qxg3 27. Rf7+ Ka8 28. Bf2 Qh2 29. Qg4 Rdf8 30. Qd7 Rxf7 31. Qxf7 Rb8 32. Qd7 Rf8 33. Ra2 Qf4 34. Kg1 g4 35. Rb2 Ne2+ 36. Rxe2 Bxf2+ 37. Kf1 Bd4+ 38. Ke1 Qc1# 0-1


[Site "https://www.chess.com"]

[Event "Titled Tuesday Blitz June 6 Early 2023"]
[White "Aloma Vidal, Robert"]
[Black "Shapiro, Viktor"]
[WhiteFideId "2260409"]
[BlackFideId "4175700"]
[WhiteElo "2435"]
[BlackElo "2212"]
[Result "1/2-1/2"]
[Round "3"]
[TimeControl "180+2"]
[Date "2023.06.06"]
[WhiteClock "0:00:11"]
[BlackClock "0:00:37"]
[Board "96"]

1. e4 Nf6 2. e5 Nd5 3. c4 Nb6 4. d4 d6 5. f4 dxe5 6. fxe5 c5 7. d5 g6 8. Nc3 Bg7 9. Bf4 O-O 10. Be2 e6 11. Nf3 exd5 12. cxd5 Bg4 13. O-O N8d7 14. Nd2 Bxe2 15. Qxe2 Nxe5 16. Bxe5 Re8 17. Qf3 Bxe5 18. Qxf7+ Kh8 19. Qxb7 Bd4+ 20. Kh1 Bxc3 21. bxc3 Qxd5 22. Rf7 Qxb7 23. Rxb7 Re2 24. Nb3 Na4 25. c4 Rae8 26. h3 a6 27. Ra7 R8e6 28. Rd1 Re1+ 29. Rxe1 Rxe1+ 30. Kh2 Re6 31. Kg3 Rf6 32. Kg4 h6 33. h4 Kg8 34. Rc7 Rf2 35. g3 Rxa2 36. Rc6 Kg7 37. Rxa6 Nc3 38. Nxc5 Rxa6 39. Nxa6 Kf6 40. Kf4 g5+ 41. hxg5+ hxg5+ 42. Kg4 Ne4 43. Nb4 Ke5 44. Nc2 Kf6 45. Ne1 Ke6 46. Nf3 Kf6 47. Ne1 Ke5 48. Kf3 Nxg3 49. Nd3+ Kd4 50. c5 Nf5 51. Kg4 Ne7 52. Kxg5 Kxd3 53. c6 Nxc6 1/2-1/2


[Site "https://www.chess.com"]

[Event "Titled Tuesday Blitz June 6 Early 2023"]
[White "Avazkhonov, Alikhon"]
[Black "Martic, Ivan"]
[WhiteFideId "14208504"]
[BlackFideId "929301"]
[WhiteElo "1739"]
[BlackElo "2346"]
[Result "0-1"]
[Round "3"]
[TimeControl "180+2"]
[Date "2023.06.06"]
[WhiteClock "0:00:02"]
[BlackClock "0:00:47"]
[Board "97"]

1. e4 e5 2. Nf3 Nc6 3. Bb5 a6 4. Ba4 Nf6 5. O-O Be7 6. Re1 b5 7. Bb3 d6 8. a4 Rb8 9. axb5 axb5 10. d3 O-O 11. h3 Be6 12. c3 h6 13. Nbd2 b4 14. Nc4 bxc3 15. bxc3 Re8 16. Be3 Bf8 17. Qc2 Nd7 18. Reb1 d5 19. Ba4 dxc4 20. Bxc6 Rxb1+ 21. Rxb1 cxd3 22. Qxd3 Bd6 23. c4 Rf8 24. Rd1 Nb8 25. Ba4 Qe7 26. Qc3 Bc5 27. Nxe5 Bxe3 28. Qxe3 Bxh3 29. f4 Bc8 30. c5 Na6 31. c6 Nc5 32. Bb5 Ne6 33. Nd7 Re8 34. f5 Ng5 35. Qf4 Qxe4 0-1


[Site "https://www.chess.com"]

[Event "Titled Tuesday Blitz June 6 Early 2023"]
[White "Bayo Milagro, Alvaro"]
[Black "Redzisz, Michal"]
[WhiteFideId "22275240"]
[BlackFideId "21816107"]
[WhiteElo "2270"]
[BlackElo "2175"]
[Result "0-1"]
[Round "3"]
[TimeControl "180+2"]
[Date "2023.06.06"]
[WhiteClock "0:01:39"]
[BlackClock "0:01:14"]
[Board "98"]

1. Nf3 Nf6 2. c4 e6 3. g3 b6 4. Bg2 Bb7 5. d4 Bb4+ 6. Bd2 c5 7. O-O O-O 8. d5 Bxd2 9. Qxd2 exd5 10. Nh4 Ne4 11. Qc2 Nc6 12. cxd5 Nb4 13. Qxe4 Bxd5 14. Qg4 Bxg2 15. Kxg2 Nc2 16. Nc3 Nxa1 17. Rxa1 d5 18. Nf5 g6 19. e4 dxe4 20. Rd1 Qf6 21. Nd5 Qe5 22. Nde7+ Kh8 0-1


[Site "https://www.chess.com"]

[Event "Titled Tuesday Blitz June 6 Early 2023"]
[White "Toktomushev, Teimur"]
[Black "Sourath Biswas"]
[WhiteFideId "14176726"]
[BlackFideId "35091484"]
[WhiteElo "2116"]
[BlackElo "2171"]
[Result "0-1"]
[Round "3"]
[TimeControl "180+2"]
[Date "2023.06.06"]
[WhiteClock "0:00:02"]
[BlackClock "0:00:41"]
[Board "99"]

1. d4 Nf6 2. c4 g6 3. Nc3 Bg7 4. e4 O-O 5. f3 d6 6. Be3 c5 7. Nge2 Nc6 8. d5 Ne5 9. Ng3 e6 10. Be2 exd5 11. cxd5 h5 12. O-O Rb8 13. a4 Bd7 14. h3 c4 15. Nh1 b6 16. Nf2 Re8 17. f4 Nd3 18. Nxd3 Nxe4 19. Ne5 Nxc3 20. bxc3 dxe5 21. Bxc4 exf4 22. Bxf4 Rc8 23. Ba2 Rxc3 24. d6 Bf5 25. Rc1 Rd3 26. Qc2 Bd4+ 27. Kh1 Rxh3+ 28. gxh3 Bxc2 29. Rxc2 Qh4 30. Rf3 Re1+ 31. Kh2 Qf6 32. d7 Kh7 0-1


[Site "https://www.chess.com"]

[Event "Titled Tuesday Blitz June 6 Early 2023"]
[White "Novikov, Evgenij"]
[Black "Przybylski, Wojciech"]
[WhiteFideId "4125380"]
[BlackFideId "1117599"]
[WhiteElo "2242"]
[BlackElo "2228"]
[Result "1-0"]
[Round "3"]
[TimeControl "180+2"]
[Date "2023.06.06"]
[WhiteClock "0:00:07"]
[BlackClock "0:00:17"]
[Board "100"]

1. e4 e5 2. Nf3 Nf6 3. Nxe5 d6 4. Nf3 Nxe4 5. Qe2 Qe7 6. d3 Nf6 7. Bg5 Qxe2+ 8. Bxe2 Be7 9. O-O c6 10. Nbd2 Na6 11. c3 Nc7 12. d4 Ne6 13. Bh4 d5 14. Rfe1 Nf4 15. Bf1 Be6 16. Ng5 h6 17. Nxe6 Nxe6 18. a4 Kd7 19. Nf3 Bd6 20. Bxf6 gxf6 21. Nh4 Ng7 22. g3 Rae8 23. Bh3+ Kc7 24. Kg2 a5 25. Kf3 b5 26. Rxe8 Rxe8 27. axb5 cxb5 28. Rxa5 Kb6 29. Ra1 Bc7 30. Ng2 Ne6 31. Bxe6 fxe6 32. Ne3 h5 33. h4 Rh8 34. Nc2 Bd6 35. Re1 e5 36. dxe5 fxe5 37. Rd1 Rf8+ 38. Ke2 Bc5 39. Ne3 d4 40. cxd4 exd4 41. Nd5+ Kc6 42. Nf4 Rf5 43. Rc1 Kd6 44. Nd3 Bb6 45. Ra1 Rf8 46. Ra6 Kc6 47. Ne5+ Kd5 48. Rxb6 Kxe5 49. Rxb5+ Ke6 50. Rxh5 d3+ 51. Kxd3 Rxf2 52. Ke3 Rxb2 53. Kf3 Kf6 54. Rg5 Rb4 55. Kg2 Rb1 56. Kh3 Rb4 57. Rg4 Rb1 58. Rg8 Kf7 59. Ra8 Kf6 60. Ra6+ Kf5 61. Ra5+ Kf6 62. Ra4 Kf5 63. Rc4 Ra1 64. Rc3 Rh1+ 65. Kg2 Ra1 66. Kf2 Kg4 67. Rc4+ Kh3 68. h5 Ra2+ 69. Kf3 Ra3+ 70. Kf4 Rxg3 71. Kf5 Rf3+ 72. Rf4 Ra3 73. h6 Ra6 74. Kg5 Kg3 75. Rf6 Ra5+ 76. Kg6 Kg4 77. h7 Rg5+ 78. Kh6 Rh5+ 79. Kg7 Kg5 80. Rg6+ Kf5 81. Rh6 Rg5+ 82. Kf7 Rg2 83. h8=Q Rf2 84. Qf6+ Kg4 85. Qxf2 Kg5 86. Qh4+ Kf5 87. Rf6+ Ke5 88. Qf4+ Kd5 89. Rd6+ Kc5 90. Qd4+ Kb5 91. Rb6+ Ka5 92. Qb4# 1-0


[Site "https://www.chess.com"]

[Event "Titled Tuesday Blitz June 6 Early 2023"]
[White "Makhmudov, Shukhrat"]
[Black "Kochiev, Ivan"]
[WhiteFideId "14200775"]
[BlackFideId "2917890"]
[WhiteElo "2135"]
[BlackElo "2287"]
[Result "1-0"]
[Round "3"]
[TimeControl "180+2"]
[Date "2023.06.06"]
[WhiteClock "0:00:19"]
[BlackClock "0:00:03"]
[Board "101"]

1. e4 c5 2. Nf3 d6 3. d4 cxd4 4. Nxd4 Nf6 5. Nc3 Nc6 6. Bg5 e6 7. Nxc6 bxc6 8. e5 dxe5 9. Qxd8+ Kxd8 10. Ne4 Be7 11. O-O-O+ Kc7 12. Nxf6 gxf6 13. Bh6 Bb7 14. Be2 c5 15. Rhg1 Rhg8 16. g3 f5 17. Bh5 Rg6 18. Bxg6 fxg6 19. h4 Bf6 20. Bg5 Bg7 21. Be7 Kc6 22. Rd8 e4 23. Rgd1 Bd4 24. Rxa8 Bxa8 25. Rf1 Bb7 26. c3 Be5 27. Rd1 Bc7 28. b3 Ba6 29. Bf6 Bd3 30. Kd2 e5 31. Bg5 Kd5 32. c4+ Ke6 33. Ke3 Kf7 34. Bh6 Ba5 35. f3 Bc3 36. fxe4 fxe4 37. Kf2 Bd4+ 38. Be3 Ke6 39. g4 h5 40. gxh5 gxh5 41. Rg1 Bxe3+ 42. Kxe3 Kf5 43. Rg5+ Kf6 44. Rxh5 Bb1 45. Rh6+ Kf5 46. Ra6 Bxa2 47. Rxa2 1-0


[Site "https://www.chess.com"]

[Event "Titled Tuesday Blitz June 6 Early 2023"]
[White "Alexikov, Alexander"]
[Black "Skliarov, Viktor"]
[WhiteFideId "14103958"]
[BlackFideId "14106736"]
[WhiteElo "2186"]
[BlackElo "2317"]
[Result "0-1"]
[Round "3"]
[TimeControl "180+2"]
[Date "2023.06.06"]
[WhiteClock "0:00:30"]
[BlackClock "0:00:10"]
[Board "102"]

1. e4 c5 2. Nf3 Nc6 3. d4 cxd4 4. Nxd4 Nf6 5. Nc3 e5 6. Ndb5 d6 7. Bg5 a6 8. Na3 b5 9. Nd5 Be7 10. Bxf6 Bxf6 11. c4 b4 12. Nc2 a5 13. g3 Bg5 14. Bg2 O-O 15. O-O Be6 16. Qe1 Bxd5 17. cxd5 Nd4 18. Nxd4 exd4 19. Rd1 Qb6 20. Kh1 Rac8 21. f4 Bf6 22. Rf2 Rfe8 23. Re2 b3 24. axb3 Qxb3 25. Qd2 d3 26. Re3 Rc2 27. Qxd3 Qxb2 28. Qf1 a4 29. Rb1 Qa2 30. Rbe1 Bd4 31. R3e2 a3 32. Rxc2 Qxc2 33. Re2 Qb3 34. Rd2 Bc3 35. Rd1 a2 36. e5 Qb2 37. Be4 a1=Q 38. Bb1 Qa5 39. Qd3 g6 40. e6 Qab5 41. Qe4 f5 42. Qf3 Qxb1 43. h4 Qe4 44. Qxe4 fxe4 0-1


[Site "https://www.chess.com"]

[Event "Titled Tuesday Blitz June 6 Early 2023"]
[White "ArchibaldCerveza29"]
[Black "brm72"]
[WhiteElo "2419"]
[BlackElo "2575"]
[Result "1-0"]
[Round "3"]
[TimeControl "180+2"]
[Date "2023.06.06"]
[WhiteClock "0:00:03"]
[BlackClock "0:00:05"]
[Board "103"]

1. e4 c5 2. c3 d5 3. exd5 Qxd5 4. d4 Nf6 5. Nf3 Nc6 6. Na3 Bg4 7. Nb5 O-O-O 8. Be3 e5 9. c4 Bxf3 10. gxf3 Qd7 11. d5 Nd4 12. a4 a6 13. Nc3 Qf5 14. Bxd4 exd4 15. h4 Re8+ 16. Ne2 Qxf3 17. Rh3 Qe4 18. Qd3 Bd6 19. O-O-O Kc7 20. Qb3 Ng4 21. Rf3 Ne5 22. Rg3 d3 23. Nc3 Qf4+ 24. Kb1 Nxc4 25. Rxg7 Nd2+ 26. Rxd2 Qxd2 27. Rxf7+ Re7 28. Rxe7+ Bxe7 29. d6+ Bxd6 30. Bg2 Rb8 31. Nd5+ Kd7 32. Nb6+ Ke7 33. Nd5+ Kf8 34. Nf6 Qe1+ 35. Ka2 Qe5 36. Qg8+ Ke7 37. Nd5+ Kd7 38. Qf7+ Be7 39. Bh3+ Kd6 40. Ne3 b5 41. Nf5+ Kc6 42. Nxe7+ Kb6 43. Nd5+ Ka5 44. Qc7+ Qxc7 45. Nxc7 Kxa4 46. Nxa6 d2 47. Bg4 Rd8 48. Bd1+ Ka5 49. Nxc5 Kb6 50. Ne6 Rd6 51. Nf4 Rd4 52. Ne6 Rxh4 53. Kb3 Rh1 54. Kc2 Re1 55. Nd4 Re5 56. f4 Rc5+ 57. Kd3 Rd5 58. Ke3 Kc5 59. Nb3+ Kb4 60. Nxd2 Rd6 61. Ne4 Rd8 62. f5 Rxd1 63. f6 Rf1 64. Nf2 Re1+ 65. Kf4 Re8 66. Ne4 Kb3 67. Kf5 Kxb2 68. f7 Rb8 69. Nd6 b4 70. Ne8 b3 71. f8=Q Kc2 72. Qd6 Kb1 73. Qxb8 b2 74. Nd6 Kc1 75. Qc7+ Kb1 76. Qb6 Ka1 77. Qc5 b1=Q+ 78. Ke6 Qg6+ 79. Kd7 Qg7+ 80. Kc6 Qb2 81. Qg1+ Qb1 82. Qa7+ Qa2 83. Qd4+ Qb2 84. Qc5 Qb1 85. Nc4 Qe4+ 86. Kb5 Qb7+ 87. Nb6 Qe4 88. Qc1+ Ka2 89. Qd2+ Ka1 90. Nc4 Qb7+ 91. Kc5 Qc7+ 92. Kb4 Qb7+ 93. Kc3 Qb1 94. Na3 Qg6 95. Qb2# 1-0


[Site "https://www.chess.com"]

[Event "Titled Tuesday Blitz June 6 Early 2023"]
[White "Taboas Rodriguez, Daniel"]
[Black "kuanysh1981"]
[WhiteFideId "2208466"]
[WhiteElo "2365"]
[BlackElo "2419"]
[Result "0-1"]
[Round "3"]
[TimeControl "180+2"]
[Date "2023.06.06"]
[WhiteClock "0:02:13"]
[BlackClock "0:02:19"]
[Board "104"]

1. d4 Nf6 2. Nf3 e6 3. c4 Bb4+ 4. Nbd2 b6 5. a3 Be7 6. e4 Bb7 7. e5 Ne4 8. Nxe4 Bxe4 9. Bd3 Bxd3 10. Qxd3 O-O 11. O-O d6 12. Qe4 Nd7 13. Bf4 dxe5 14. Nxe5 Nxe5 15. Bxe5 Qd7 16. Rad1 Rad8 17. Rd3 c6 18. Rfd1 f6 19. Bg3 Bd6 20. Re1 Bxg3 21. hxg3 Rfe8 22. Ree3 b5 23. b3 a5 24. a4 bxc4 25. bxc4 Rb8 26. Qg4 Rb4 27. d5 cxd5 28. Rxd5 Qxd5 0-1


[Site "https://www.chess.com"]

[Event "Titled Tuesday Blitz June 6 Early 2023"]
[White "Guz, Ari"]
[Black "Mogirzan, Matei-Valeriu"]
[WhiteFideId "2825759"]
[BlackFideId "1257455"]
[WhiteElo "2205"]
[BlackElo "1733"]
[Result "1-0"]
[Round "3"]
[TimeControl "180+2"]
[Date "2023.06.06"]
[WhiteClock "0:00:51"]
[BlackClock "0:00:01"]
[Board "105"]

1. b3 Nc6 2. Bb2 e5 3. e4 f5 4. d3 Nf6 5. Nd2 Bc5 6. Qe2 Nd4 7. Qd1 O-O 8. exf5 d5 9. h3 Nxf5 10. Ngf3 e4 11. dxe4 dxe4 12. Bc4+ Kh8 13. Bxf6 Qe8 14. Be5 exf3 15. Nxf3 Nh4 16. Qe2 Nxg2+ 17. Kf1 Nf4 18. Qe4 Ng6 19. Re1 Bf5 20. Qd5 Bd6 21. Bxd6 Qd7 22. Bg3 Bxh3+ 23. Kg1 Qg4 24. Ng5 Rxf2 25. Kxf2 Nh4 26. Qg8+ Rxg8 27. Nf7# 1-0


[Site "https://www.chess.com"]